 Dungeon Crawl Stone Soup version 0.19.1 (webtiles) character file.

858 Requim the Chopper (level 7, -1/61 HPs)
             Began as a Minotaur Fighter on Nov 26, 2016.
             Succumbed to a soldier ant's poison
             ... on level 5 of the Dungeon.
             The game lasted 00:26:52 (4066 turns).

Requim the Chopper (Minotaur Fighter)               Turns: 4066, Time: 00:26:52

Health: -1/61      AC:  8    Str: 28    XL:     7   Next: 71%
Magic:  6/6        EV:  9    Int:  5    God:
Gold:   236        SH: 11    Dex:  9    Spells: 0 memorised, 6 levels left

rFire  + . .     SeeInvis .     a - +0 war axe
rCold  + . .     Gourm    .     b - +0 scale mail
rNeg   . . .     Faith    .     c - +0 shield
rPois  +         Spirit   .     (helmet restricted)
rElec  +         Reflect  .     e - +0 cloak
rCorr  +         Harm     .     (no gloves)
MR     .....                    (no boots)
Stlth  ..........               (no amulet)
                                (no ring)
                                (no ring)

@: mighty, lethally poisoned (-1 -> -12), resistant
A: retaliatory headbutt, horns 2
a: no special abilities


You were on level 5 of the Dungeon.
You were completely stuffed.

You visited 1 branch of the dungeon, and saw 5 of its levels.

You collected 236 gold pieces.

Inventory:

Hand Weapons
 a - a +0 war axe (weapon)
Armour
 b - a +0 scale mail (worn)
 c - a +0 shield (worn)
 e - a +0 cloak (worn)
Scrolls
 g - 4 scrolls of remove curse
Potions
 d - a potion of might
 i - 2 potions of haste
 j - 3 potions of cure mutation
 l - a potion of flight
 n - a potion of mutation {unknown}
 o - a potion of agility {unknown}
 p - a potion of curing {unknown}
Comestibles
 f - 5 bread rations
 h - a meat ration


   Skills:
 + Level 5.2 Fighting
 + Level 7.0 Axes
 + Level 5.4 Armour
 + Level 2.6 Dodging
 + Level 6.1 Shields


You had 6 spell levels left.
You didn't know any spells.

Dungeon Overview and Level Annotations

Branches:
Dungeon (5/15)
 Temple: D:4-7

Altars:
Ashenzari
Uskayaw
Zin
The Shining One

Annotations:
D:5 2 runed doors


Innate Abilities, Weirdness & Mutations

You reflexively headbutt those who attack you in melee.
You have a pair of horns on your head.


Message History

* * * LOW HITPOINT WARNING * * *
You feel sick.
The water moccasin bites you but does no damage.
You closely miss the water moccasin.
* * * LOW HITPOINT WARNING * * *
You feel sick.
The water moccasin bites you but does no damage.
You miss the water moccasin.
* * * LOW HITPOINT WARNING * * *
You feel sick. You block the water moccasin's attack.
The water moccasin bites you.
* * * LOW HITPOINT WARNING * * *
You miss the water moccasin.
* * * LOW HITPOINT WARNING * * *
You feel sick. The water moccasin bites you.
* * * LOW HITPOINT WARNING * * *
The water moccasin barely misses you.
You hit the water moccasin.
The water moccasin is lightly wounded.
You die...

#.## ###.........###### #..##
##............####. ##..#
###..######.......... ##.##
####...##....##.........
##..#####...>..#.aa..+##........
##.............##a....#
##.......
#....#.....###.#aaaa.## ###.....
....###..## #.###a###yyy.y####..
..### #..# #..@Sa%$#yy..yy+)###
.## ..# #.###a###yy...####.. ##
.. ##.#Sa...##..###.....
#..##S....#.##.......
...#...#$....+##........
.........##....##.........
......#...######..#.......
####....#.... .. #........
##...###.# ####...>....


You could see a soldier ant, a water moccasin, 3 worker ants and 6 killer bees.

Vanquished Creatures
  A soldier ant (D:5)
  A water moccasin (D:5)
  A centaur (D:5)
  2 scorpions
  2 orc priests
  A hound (D:4)
  Crazy Yiuf (D:2)
  Jessica (D:2)
  An iguana (D:4)
  An orc wizard (D:4)
  2 worker ants
  A hound skeleton (D:4)
  A worker ant zombie (D:5)
  7 adders
  2 oozes
  An adder zombie (D:5)
  A worm (D:3)
  6 dart slugs
  5 leopard geckos
  13 orcs
  7 giant cockroaches
  7 goblins
  11 hobgoblins
  2 jackals (D:1)
  2 quokkas
  3 ball pythons (D:4)
  11 bats
  A frilled lizard (D:2)
  8 kobolds
  A quokka skeleton (D:4)
  10 rats
114 creatures vanquished.

Notes
Turn   | Place    | Note
-------+----------+-------------------------------------------
     0 | D:1      | Requim the Minotaur Fighter began the quest for the Orb.
     0 | D:1      | Reached XP level 1. HP: 19/19 MP: 0/0
   229 | D:1      | Reached XP level 2. HP: 27/27 MP: 1/1
   928 | D:1      | Reached XP level 3. HP: 32/33 MP: 2/2
  1122 | D:2      | Found a runed door.
  1126 | D:2      | Noticed Crazy Yiuf
  1130 | D:2      | Killed Crazy Yiuf
  1130 | D:2      | Reached skill level 3 in Axes
  1294 | D:2      | Reached XP level 4. HP: 24/41 MP: 3/3
  1300 | D:2      | Noticed Jessica
  1301 | D:2      | Killed Jessica
  1403 | D:2      | Found a faded altar of an unknown god.
  1403 | D:2      | Found a faded altar of an unknown god.
  1426 | D:2      | Found a hide-covered altar of Uskayaw.
  1429 | D:2      | Found a faded altar of an unknown god.
  1433 | D:2      | Reached skill level 1 in Dodging
  1434 | D:2      | Found a faded altar of an unknown god.
  1651 | D:2      | Found a glowing golden altar of the Shining One.
  1840 | D:2      | Reached XP level 5. HP: 47/47 MP: 4/4
  1873 | D:2      | Found a shattered altar of Ashenzari.
  2237 | D:3      | Reached skill level 5 in Shields
  2384 | D:3      | Reached skill level 4 in Axes
  2993 | D:4      | Reached XP level 6. HP: 46/53 MP: 5/5
  3057 | D:4      | Reached skill level 5 in Axes
  3233 | D:4      | Found a glowing silver altar of Zin.
  3308 | D:4      | Reached skill level 5 in Fighting
  3433 | D:5      | Entered Level 5 of the Dungeon
  3525 | D:5      | Noticed a water moccasin
  3534 | D:5      | Reached XP level 7. HP: 61/61 MP: 6/6
  3622 | D:5      | Reached skill level 6 in Axes
  3996 | D:5      | Found a runed door.
  4004 | D:5      | Reached skill level 5 in Armour
  4007 | D:5      | Found a runed gate.
  4009 | D:5      | Found a runed door.
  4023 | D:5      | Found a runed gate.
  4023 | D:5      | Found a runed gate.
  4062 | D:5      | Reached skill level 7 in Axes
  4065 | D:5      | HP: 3/61 [poisoned by a soldier ant]
  4065 | D:5      | HP: 1/61 [water moccasin (2)]
  4066 | D:5      | Succumbed to a soldier ant's poison

Skill      XL: |  1  2  3  4  5  6  7 |
---------------+----------------------+-----
Fighting       | 4 5 |  5.2
Shields        | 4 5 6 |  6.1
Armour         | 4 5 |  5.4
Axes           | 3 4 5 7 |  7.0
Dodging        | 1 2 |  2.6

Action                   |  1- 3 |  4- 6 |  7- 9 || total
-------------------------+-------+-------+-------++-------
Melee: War axe           |    70 |   192 |    36 ||   298
       Headbutt          |    14 |    19 |     4 ||    37
  Use: Scroll            |     1 |     5 |     2 ||     8
       Potion            |     1 |       |     3 ||     4
  Eat: Fruit             |     5 |       |       ||     5
       Beef jerky        |       |     2 |       ||     2
       Meat ration       |       |     1 |     1 ||     2
       Pizza             |       |     1 |       ||     1
Armor: Scale mail        |    43 |    96 |    13 ||   152
Dodge: Dodged            |    22 |    92 |    17 ||   131
Block: Shield            |    50 |   158 |    14 ||   222
